Map: Scythe of Amon

Players

Valhalla

  • Race: Protoss Protoss
  • Spawn Location: 5:00

NamroodTuo

  • Race: Terran Terran
  • Spawn Location: 5:00

VOD

Have the link to the VOD?

Description

Time

  • Played on: May 9, 2023, 11:46 a.m.
  • Length: 69:03
Show
View Real Time Build Order
Export as new Build Order

Valhalla Protoss 

Build Orders:  

Get SALT Encoding   

  12  0:15  Assimilator  
  12  0:43  Pylon  
  12  0:47  Forge  
  12  0:51  Probe (Chrono Boost)  
  13  1:06  Probe (Chrono Boost)  
  14  1:30  Gateway  
  14  1:54  Pylon  
  14  2:01  Photon Cannon  
  14  2:18  Photon Cannon  
  14  2:32  Assimilator  
  14  2:34  Probe (Chrono Boost)  
  15  2:46  Probe (Chrono Boost)  
  16  2:58  Probe (Chrono Boost)  
  17  3:10  Probe (Chrono Boost)  
  18  3:22  Probe (Chrono Boost)  
  19  3:31  Cybernetics Core  
  19  4:19  Energizer  
  21  4:39  Stargate  
  21  4:41  Stargate  
  21  4:49  Pylon  
  21  4:51  Energizer  
  21  4:59  Pylon  
  23  5:09  Solar Efficiency Level 1  
  23  5:52  Probe (Chrono Boost)  
  23  5:55  Mirage x2  
  26  6:07  Probe (Chrono Boost)  
  29  6:25  Mirage  
  31  7:14  Protoss Air Weapons Level 1  
  31  7:48  Mirage  
  31  7:49  Mirage  
  35  8:19  Mirage x2  
  35  8:25  Photon Cannon  
  39  8:34  Shield Battery  
  39  8:36  Shield Battery  
  39  8:55  Photon Cannon  
  39  9:02  Mirage  
  41  9:21  Probe (Chrono Boost)  
  42  9:36  Probe (Chrono Boost)  
  43  9:58  Fleet Beacon  
  43  10:52  Phasing Armor  
  43  10:56  Mirage  
  45  11:26  Mirage  
  47  12:24  Anion Pulse-Crystals  
  47  12:48  Nexus, Mirage  
  47  12:52  Pylon  
  47  12:56  Pylon  
  49  13:05  Photon Cannon  
  49  13:07  Photon Cannon  
  49  13:08  Repair Drones  
  49  14:09  Carrier  
  49  14:13  Carrier  
  61  14:39  Probe (Chrono Boost)  
  62  14:51  Probe (Chrono Boost)  
  63  16:20  Carrier x2  
  63  16:52  Unknown  
  75  17:03  Carrier  
  75  17:04  Carrier  
  75  17:09  Pylon  
  72  17:22  Advanced Repair Systems  
  72  18:07  Probe (Chrono Boost)  
  72  18:10  Probe (Chrono Boost)  
  86  18:52  Unknown  
  86  18:54  Probe (Chrono Boost)  
  86  18:55  Pylon  
  86  18:58  Pylon  
  87  19:06  Probe (Chrono Boost)  
  88  19:18  Probe (Chrono Boost)  
  89  19:30  Probe (Chrono Boost)  
  90  19:42  Probe (Chrono Boost)  
  91  21:16  Carrier  
  91  21:19  Carrier  
  91  21:37  Carrier  
  91  21:48  Protoss Air Weapons Level 2  
  91  21:51  Carrier  
  97  22:10  Pylon  
  97  22:13  Pylon  
  103  22:44  Protoss Ground Weapons Level 1  
  115  23:57  Assimilator  
  115  24:06  Assimilator  
  115  24:08  Probe (Chrono Boost)  
  116  24:23  Probe (Chrono Boost)  
  117  24:38  Probe (Chrono Boost)  
  118  25:49  Probe (Chrono Boost)  
Show
View Real Time Build Order
Export as new Build Order

NamroodTuo Terran 

Build Orders:  

Get SALT Encoding   

  12  0:03  SCV  
  13  0:15  SCV  
  14  0:27  SCV  
  15  0:38  Supply Depot  
  15  0:46  SCV  
  16  0:57  SCV  
  16  1:06  SCV  
  17  1:16  Factory  
  17  1:19  SCV  
  18  1:28  SCV  
  19  1:38  SCV, Refinery  
  21  1:50  Refinery  
  21  1:55  SCV, Perdition Turret  
  21  2:05  SCV  
  23  2:33  Perdition Turret  
  23  2:51  Devastation Turret  
  23  3:00  Factory Tech Reactor  
  23  3:15  Supply Depot  
  23  3:19  Supply Depot  
  23  3:35  SCV  
  24  4:12  Engineering Bay  
  24  4:13  Upgrade Laser Drill Level 1  
  24  4:34  Armory  
  26  4:52  Terran Vehicle and Ship Weapons Level 1  
  24  5:08  Starport  
  24  5:10  Fire-Suppression Systems  
  24  5:47  Starport, Spinning Dizzy  
  24  5:53  Starport Tech Reactor  
  24  6:09  Devastation Turret  
  24  6:11  Spinning Dizzy  
  24  6:15  Wraith  
  26  7:11  Terran Vehicle And Ship Armor Level 1  
  26  7:17  Science Vessel, Wraith  
  26  7:20  Starport Tech Reactor  
  30  7:52  Wraith  
  30  7:59  Science Vessel, Wraith  
  32  8:00  Wraith  
  38  8:59  Pulse Amplifier  
  38  9:02  Improved Nano-Repair  
  38  9:26  Terran Vehicle and Ship Weapons Level 2  
  38  9:50  Defensive Matrix  
  38  9:51  Displacement Field  
  38  10:01  Supply Depot  
  38  10:07  Supply Depot  
  38  10:25  Wraith  
  38  10:26  Wraith  
  40  11:32  Wraith x3  
  40  11:33  Wraith  
  48  12:06  Science Vessel  
  48  12:07  Wraith x2  
  48  12:12  Supply Depot  
  54  12:23  Supply Depot  
  54  12:24  Regenerative Bio-Steel  
  54  12:27  Wraith  
  56  12:40  Upgrade Laser Drill Level 2  
  56  13:04  Spinning Dizzy  
  56  13:09  Perdition Turret  
  56  13:39  Advanced Optics  
  56  13:47  Perdition Turret  
  56  13:50  Perdition Turret x2  
  24  14:45  Command Center  
  24  15:04  Science Vessel, Wraith  
  24  15:05  Wraith x2  
  32  15:37  Devastation Turret  
  32  15:38  Science Vessel  
  32  15:39  Science Vessel, Wraith  
  32  15:43  SCV  
  39  16:17  SCV, Wraith  
  40  16:21  Refinery  
  40  16:29  SCV  
  43  16:41  SCV  
  43  16:46  Science Vessel, Wraith  
  44  16:52  SCV  
  49  17:04  SCV  
  50  17:32  Perdition Turret x2  
  50  17:36  Wraith x4  
  46  17:43  Wraith x3  
  46  17:46  Perdition Turret  
  54  18:02  SCV  
  54  18:04  SCV  
  54  18:06  SCV  
  55  18:12  SCV  
  55  18:15  SCV  
  55  18:18  SCV  
  63  18:20  SCV  
  65  18:32  SCV  
  68  18:41  Refinery  
  68  18:44  SCV  
  68  18:47  Wraith  
  69  18:56  SCV  
  72  19:06  Supply Depot  
  72  19:08  SCV  
  72  19:14  Wraith  
  117  19:20  SCV  
  75  19:26  Supply Depot  
  76  19:31  SCV  
  77  19:43  SCV  
  76  19:55  SCV, Wraith  
  76  19:56  Wraith x2  
  83  20:23  Wraith  
  85  20:30  Wraith x2  
  89  21:06  Terran Vehicle And Ship Armor Level 2  
  87  21:46  Wraith x2  
  87  21:47  Wraith x2  
  83  21:54  KMC Auto-Loaders  
  91  22:21  Wraith x3  
  91  22:22  Wraith  
  97  22:44  Structure Armor  
  97  23:29  Supply Depot  
  97  23:32  Supply Depot  
  97  23:35  Wraith x2, Supply Depot  
  97  23:36  Hi-Sec Auto Tracking  
  101  23:53  Science Vessel x2  
  105  24:01  Supply Depot  
  105  24:03  Supply Depot  
  105  24:09  Science Vessel, Supply Depot  
  105  24:10  Wraith  
  109  24:35  Wraith x2  
  109  24:45  Wraith  
  113  24:50  Science Vessel  
  117  25:09  Science Vessel  
  117  25:10  Wraith  
  119  25:20  Wraith  
Tags
 
Commander
KaraxSwann
Matchup
Co-op
Replay Pack
Multiplayer
Add a new tag
Caveats
  • Supply blocks, unpowered buildings, or Contaminate may cause inaccurate times.
  • Supply counts are checked every 10 seconds.